 Dungeon Sprint DCSS version 0.20.1-1-g8b1a95d (webtiles) character file.

1286 potatolord6000 the Nimble (level 8, -8/82 HPs)
             Began as a Deep Dwarf Gladiator on Aug 28, 2017.
             Killed by divine providence
             ... invoked by a smoke demon
             ... summoned by Legeas
              (10 damage)
             ... in the Dungeon (Sprint V: "Ziggurat Sprint").
             The game lasted 00:01:01 (94 turns).

potatolord6000 the Nimble (Deep Dwarf Gladiator)      Turns: 94, Time: 00:01:02

Health: -8/82      AC: 26    Str: 20    XL:     8   Next: 30%
Magic:  10/19      EV: 10    Int:  9    God:
Gold:   0          SH:  0    Dex: 14    Spells: 22/22 levels left

rFire    . . .     SeeInvis .   d - +10 dark maul {crush}
rCold    . . .     Gourm    .   (shield currently unavailable)
rNeg     . . .     Faith    .   l - +15 Maxwell's patent armour {-Cast -Tele rElec MR+ rCorr}
rPois    .         Spirit   .   c - +0 helmet
rElec    +         Reflect  .   (no cloak)
rCorr    +         Harm     .   (no gloves)
MR       ++...     NoTele   +   (no boots) Stlth ..........NoCast +
                                (no amulet)
Regen    0.0/turn               (no ring)
MPRegen  0.2/turn               (no ring)

@: confused, non-regenerating, drained
A: damage resistance, heal wounds, sense surroundings 1, no regeneration
a: Heal Wounds


You were in the Dungeon.
You were not hungry.

You visited 1 branch

Inventory:

Hand Weapons
 d - the +10 dark maul (weapon) {crush}
   (You found it in the Dungeon)

   It inflicts extra damage upon your enemies.
Armour
 c - a +0 helmet (worn)
 l - the +15 Maxwell's patent armour (worn) {-Cast -Tele rElec MR+ rCorr}
   (You found it in the Dungeon)

   It insulates you from electricity.
   It affects your resistance to hostile enchantments.
   It prevents spellcasting.
   It prevents most forms of teleportation.
   It protects you from acid and corrosion.
Scrolls
 k - a scroll of blinking
Potions
 e - a potion of curing
 g - a potion of heal wounds
 h - a potion of haste
 i - 2 potions of magic
 j - a potion of berserk rage
Comestibles
 f - a bread ration


   Skills:
 + Level 8.7(8.3) Fighting
 + Level 9.8(9.3) Maces & Flails
 - Level 1.7(1.3) Throwing
 + Level 10.6(10.1) Dodging
 + Level 7.7(7.2) Spellcasting


You had 22 spell levels left.
You didn't know any spells.

Dungeon Overview and Level Annotations

Branches:
Dungeon (1/1)

Altars:
Ashenzari
Cheibriados
Dithmenos
Elyvilon
Fedhas
Gozag
Hepliaklqana
Kikubaaqudgha
Makhleb
Nemelex Xobeh
Okawaru
Qazlal
Ru
Sif Muna
Trog
Uskayaw
Vehumet
Xom
Yredelemnul
Zin
The Shining One
Beogh
Jiyva
Lugonu

Annotations:
D 1 transporter


Innate Abilities, Weirdness & Mutations

You are resistant to damage.
You can heal yourself by infusing magical energy.
You passively map a small area around you.
You do not regenerate.


Message History

You crush the floating eye like a grape!!!
You kill the floating eye!
Legeas hits you but does no damage. x2; The golden eye blinks!
The floating eye seems to glare at you. The floating eye's view fixates on you.
Legeas hits you but does no damage. The quasit barely misses you.
The quasit completely misses you. The quasit barely misses you.
The golden eye blinks at you.
You are more confused.
The floating eye gazes piercingly through you!
You shrug off the repeated paralysis!
You closely miss the quasit.
The ufetubus hits you but does no damage.
The ufetubus hits you. Legeas hits you but does no damage.
The quasit bites you but does no damage.
The quasit claws you but does no damage.
The quasit closely misses you. The ufetubus barely misses you.
The ufetubus closely misses you. Legeas barely misses you.
The smoke demon gestures at you. Something smites you!
You die...

*▓▓▓▓▓▓▓▓▓▓▓▓▓▓▓▓▓▓▓
,
▓.8©8.▓.8©8.▓.8©8.▓
,
▓.}[).▓.|[|.▓.....▓
,
▓.."..▓.....▓.).}.▓
▓.....▓.†...▓.....▓
,,
▓.5G3.▓.....▓.....▓
,
▓55&3.▓.....▓.....▓
,
*▓.@GG.▓.....▓▓▓▓▓▓▓
▓▓▓▓▓▓▓▓▓▓▓▓▓ ** *
*, , ,, © , , * * ,
, ,* , , , * , * , *
, 8, , ,, , , * , ,
, , ,


You could see Legeas, a sun demon, a smoke demon, 2 floating eyes, a quasit, a
golden eye, a white imp and an ufetubus.

Vanquished Creatures
  3 ugly things (D)
  2 phantoms (D)
5 creatures vanquished.

Vanquished Creatures (others)
  A spatial maelstrom (D)
1 creature vanquished.

Grand Total: 6 creatures vanquished

Notes
Turn   | Place    | Note
-------+----------+-------------------------------------------
     0 | D        | potatolord6000 the Deep Dwarf Gladiator began the quest for the Orb.
     0 | D        | Reached XP level 1. HP: 19/19 MP: 1/1
     1 | D        | Found a blossoming altar of Fedhas.
     2 | D        | Found a transporter.
     2 | D        | Found a viscous altar of Jiyva.
     2 | D        | Found an ancient bone altar of Kikubaaqudgha.
     2 | D        | Found a hazy altar of Hepliaklqana.
     2 | D        | Found a corrupted altar of Lugonu.
     2 | D        | Found an opulent altar of Gozag.
     2 | D        | Found a burning altar of Makhleb.
     6 | D        | Found a stormy altar of Qazlal.
     6 | D        | Found an iron altar of Okawaru.
     6 | D        | Found a sacrificial altar of Ru.
     6 | D        | Found a sparkling altar of Nemelex Xobeh.
     6 | D        | Found a deep blue altar of Sif Muna.
     6 | D        | Found a bloodstained altar of Trog.
     9 | D        | Banished a spatial maelstrom
    53 | D        | Entered arena 2.
    53 | D        | Noticed a phantom
    53 | D        | Noticed a phantom
    53 | D        | Found a transporter.
    55 | D        | Killed a phantom
    55 | D        | Reached skill level 5 in Maces & Flails
    55 | D        | Reached skill level 5 in Dodging
    55 | D        | Reached XP level 2. HP: 30/30 MP: 1/6
    55 | D        | Reached XP level 3. HP: 36/36 MP: 1/7
    55 | D        | Reached XP level 4. HP: 44/44 MP: 1/8
    61 | D        | Killed a phantom
    61 | D        | Reached skill level 5 in Fighting
    61 | D        | Reached skill level 6 in Dodging
    61 | D        | Reached XP level 5. HP: 52/52 MP: 2/11
    66 | D        | Entered arena 3.
    66 | D        | Noticed a purple ugly thing
    66 | D        | Noticed a red ugly thing
    66 | D        | Noticed a green ugly thing
    66 | D        | Found a transporter.
    69 | D        | Killed a red ugly thing
    69 | D        | Reached skill level 9 in Dodging
    69 | D        | Reached XP level 6. HP: 63/66 MP: 3/15
    69 | D        | Reached XP level 7. HP: 69/72 MP: 3/16
    74 | D        | Killed a purple ugly thing
    74 | D        | Reached skill level 10 in Dodging
    78 | D        | Killed a green ugly thing
    78 | D        | Reached XP level 8. HP: 44/82 MP: 6/19
    84 | D        | Entered arena 4.
    84 | D        | Noticed Legeas the pandemonium lord
    84 | D        | Found a transporter.
    87 | D        | Paralysed by a floating eye for 3 turns
    91 | D        | Paralysed by a floating eye for 2 turns
    92 | D        | HP: 2/82 [Legeas the pandemonium lord (9)]
    93 | D        | Noticed a sun demon
    93 | D        | Noticed a smoke demon
    94 | D        | Killed from afar by a smoke demon

Skill      XL: |  1  2  3  4  5  6  7 |
---------------+----------------------+-----
Fighting       | 4 5 7 8 |  8.7
Maces & Flails | 5 6 8 9 |  9.8
Dodging        | 5 6 9 10 | 10.6
Spellcasting   | 3 4 6 7 |  7.7
Throwing       | |  1.7

Action                   |  1- 3 |  4- 6 |  7- 9 || total
-------------------------+-------+-------+-------++-------
Melee: Maul              |     1 |     3 |    11 ||    15
Armor: Plate armour      |     1 |     5 |    60 ||    66
Dodge: Dodged            |       |     2 |    35 ||    37
